 Dungeon Crawl Stone Soup version 0.21-a0-630-g344d351 (webtiles) character file.

41291 tidbits the Thaumaturge (level 14, -8/106 HPs)
             Began as a Gnoll Earth Elementalist on Dec 26, 2017.
             Was the Champion of Cheibriados.
             Mangled by a phantasmal warrior (31 damage)
             ... led by a death knight
             ... on level 14 of the Dungeon.
             The game lasted 01:46:09 (5726 turns).

tidbits the Thaumaturge (Gnoll Earth Elementalist)  Turns: 5726, Time: 01:46:11

Health: -8/106     AC: 19    Str: 28    XL:     14   Next: 14%
Magic:  17/28      EV: 24    Int: 38    God:    Cheibriados [******]
Gold:   903        SH:  4    Dex: 32    Spells: 9/33 levels left

rFire    . . .     SeeInvis +   a - +3 great sword (freeze)
rCold    . . .     Gourm    .   (shield currently unavailable)
rNeg     . . .     Faith    .   B - +2 troll leather armour
rPois    .         Spirit   .   E - +2 helmet
rElec    .         Reflect  +   C - +2 cloak {+Inv}
rCorr    .         Harm     .   G - +0 pair of gloves
MR       .....                  F - +2 pair of boots
Stlth    ++++++....             j - +4 amulet of reflection
HPRegen  0.67/turn              I - ring of see invisible
MPRegen  0.21/turn              (no ring)

@: vulnerable, very slow
A: distributed training, fangs 1, thin skeletal structure 1, clever 1, evolution
1, strong nose
a: Bend Time, Temporal Distortion, Slouch, Step From Time, Renounce Religion,
Evoke Invisibility


You were on level 14 of the Dungeon.
You worshipped Cheibriados.
Cheibriados was exalted by your worship.
You were not hungry.

You visited 2 branches of the dungeon, and saw 16 of its levels.

You collected 2312 gold pieces.
You spent 1409 gold pieces at shops.

Inventory:

Hand Weapons
 a - a +3 great sword of freezing (weapon)
   (You took it off a wight on level 10 of the Dungeon)
 b - a +3 dagger of protection
   (You took it off Maurice on level 9 of the Dungeon)
 d - a +1 scimitar of freezing
   (You took it off an orc warrior on level 2 of the Orcish Mines)
 w - a +0 hunting sling
 K - a +0 halberd of protection
   (You took it off a gnoll on level 6 of the Dungeon)
 L - a +2 dire flail of holy wrath
   (You took it off an orc warrior on level 2 of the Orcish Mines)
 T - a +1 war axe of chopping
   (You took it off an orc on level 9 of the Dungeon)
 Z - a +3 short sword of venom
   (You took it off Duvessa on level 5 of the Dungeon)
Missiles
 k - 5 javelins (quivered)
 m - 73 stones
 t - 3 throwing nets {!f}
 v - 3 tomahawks of dispersal {!f}
 x - 36 sling bullets
 D - 195 arrows
 Q - 25 tomahawks
Armour
 p - a +2 robe of magic resistance
   (You took it off an orc sorcerer on level 2 of the Orcish Mines)
 B - a +2 troll leather armour (worn)
 C - a +2 cloak of invisibility (worn)
   (You took it off Crazy Yiuf on level 2 of the Dungeon)
 E - a +2 helmet (worn)
 F - a +2 pair of boots (worn)
 G - a +0 pair of gloves (worn)
 V - a +2 robe of the Archmagi
   (You took it off an orc wizard on level 2 of the Orcish Mines)
Magical Staves
 R - an uncursed staff of power {!a}
   (You found it on level 9 of the Dungeon)
Jewellery
 j - a +4 amulet of reflection (around neck)
   (You found it on level 1 of the Dungeon)
 I - a ring of see invisible (left hand)
   (You found it on level 11 of the Dungeon)
Wands
 y - a wand of flame (30)
 S - a wand of digging (20)
 U - a wand of acid (2)
Scrolls
 f - 2 scrolls of immolation
 l - 10 scrolls of teleportation
 o - a scroll of holy word {unknown}
 q - 5 scrolls of enchant weapon
 r - 3 scrolls of remove curse
 s - 4 scrolls of amnesia
 M - 3 scrolls of fear
 O - 4 scrolls of fog
 P - a scroll of blinking
 W - a scroll of summoning
 Y - a scroll of silence
Potions
 g - 2 potions of heal wounds
 h - 3 potions of cancellation
 i - 2 potions of lignification
 n - 3 potions of curing
 u - a potion of mutation {!q}
 z - 2 potions of magic
 A - 2 potions of flight
 H - 2 potions of brilliance
 N - 2 potions of might
 X - 3 potions of agility
Books
 e - a book of Geomancy

   Spells                             Type                      Level
   a - Sandblast                      Earth                        1
   b - Passwall                       Transmutation/Earth          2
   c - Stone Arrow                    Conjuration/Earth            3
   d - Petrify                        Transmutation/Earth          4
   e - Lee's Rapid Deconstruction     Earth                        5
 J - a book of Flames
   (You found it on level 13 of the Dungeon)

   Spells                             Type                      Level
   a - Flame Tongue                   Conjuration/Fire             1
   b - Throw Flame                    Conjuration/Fire             2
   c - Conjure Flame                  Conjuration/Fire             3
   d - Inner Flame                    Hexes/Fire                   3
   e - Sticky Flame                   Conjuration/Fire             4
   f - Fireball                       Conjuration/Fire             5
Comestibles
 c - 17 rations


   Skills:
 + Level 8.8 Fighting
 + Level 8.8 Short Blades
 + Level 8.8 Long Blades
 + Level 8.8 Axes
 + Level 8.8 Maces & Flails
 + Level 8.8 Polearms
 + Level 8.8 Staves
 + Level 8.8 Slings
 + Level 8.8 Bows
 + Level 8.8 Crossbows
 + Level 8.8 Throwing
 + Level 8.8 Armour
 + Level 9.9 Dodging
 + Level 9.8 Stealth
 + Level 8.8 Shields
 + Level 8.8 Unarmed Combat
 + Level 10.1 Spellcasting
 + Level 7.3 Conjurations
 + Level 7.3 Hexes
 + Level 7.3 Charms
 + Level 7.3 Summonings
 + Level 7.3 Necromancy
 + Level 7.3 Translocations
 + Level 7.7 Transmutations
 + Level 7.3 Fire Magic
 + Level 7.3 Ice Magic
 + Level 7.3 Air Magic
 + Level 9.2 Earth Magic
 + Level 7.3 Poison Magic
 + Level 9.6 Invocations
 + Level 8.8 Evocations


You had 9 spell levels left.
You knew the following spells:

 Your Spells              Type           Power        Failure   Level  Hunger
a - Sandblast             Erth           ######       1%          1    None
e - Petrify               Tmut/Erth      ######..     1%          4    None
p - Passwall              Tmut/Erth      ######....   1%          2    None
r - Regeneration          Chrm/Necr      ######....   1%          3    None
v - Borgnjor's Vile Clut  Necr/Erth      ######....   1%          5    #......
D - Lee's Rapid Deconstr  Erth           ######....   1%          5    #......
N - Animate Dead          Necr           N/A          1%          4    None


Dungeon Overview and Level Annotations

Branches:
Dungeon (14/15)            Temple (0/1) D:5            Lair (0/6) D:10
    Orc (2/2) D:12            Elf (0/3) Orc:2
 Vaults: D:13-14

Altars:
Cheibriados
Gozag
Hepliaklqana
Qazlal
Ru
Trog
Uskayaw

Shops:
Orc:2 :?(%

Portals:
Pandemonium: Orc:2

Annotations:
D:11 exclusion: hydra


Innate Abilities, Weirdness & Mutations

Your experience applies equally to all skills.
You have very sharp teeth.
Your uncanny sense of smell can sniff out nearby items.
You have a somewhat thin skeletal structure. (Dex +2, Stealth)
Your mind is acute. (Int +2)
You evolve.


Message History

A troll comes into view.
Autopickup is now off.
Found a stone staircase leading down.
A wyvern comes into view.
The orc completely misses you. The orc misses you.
You riposte.
The troll shouts!
The wyvern hisses angrily.
You slash the orc! You freeze the orc.
You kill the orc!
Cheibriados thoroughly appreciates the change of pace.
An orc comes into view.
Casting: Passwall
Confirm with . or Enter, or press ? or * to list all spells.
Aiming: Lee's Rapid Deconstruction
Press: ? - help, Dir - move target cursor The wall shatters!
The blast of rock fragments hits the wyvern.
The wyvern is almost dead.
The blast of rock fragments hits the troll.
You kill the troll!
Cheibriados appreciates the change of pace.
You hear a shout!
The wyvern misses you.
You slash the wyvern! You freeze the wyvern.
You kill the wyvern!
Cheibriados thoroughly appreciates the change of pace.
The orc completely misses you. x2
Things that are here:
a hand axe; a leather armour You slice the orc!!
You freeze the orc.
You kill the orc!
Cheibriados appreciates the change of pace.
Casting: Lee's Rapid Deconstruction
Confirm with . or Enter, or press ? or * to list all spells.
Which direction?
You begin to meditate on the wall.
You continue meditating on the rock. x2
You finish merging with the rock.
You climb downwards.
A death knight, a freezing wraith, 2 phantasmal warriors and a skeleton come into view.
The death knight is wielding a great sword of slicing.
Found 11 gold pieces, a scroll of silence and a chain mail.
Found an escape hatch in the floor.
Found a stone staircase leading down.
There is a stone staircase leading up here.
Casting: Passwall
Confirm with . or Enter, or press ? or * to list all spells.
You don't know that spell.
Unknown command.
Unknown command.
The phantasmal warrior blinks!
The helpless wyvern skeleton fails to defend itself.
You slash the wyvern skeleton! You freeze the wyvern skeleton.
The wyvern skeleton is heavily damaged.
The phantasmal warrior hits you!
Your magical defenses are stripped away!
The wyvern skeleton completely misses you.
The phantasmal warrior hits you!!
You slash the wyvern skeleton!
The wyvern skeleton is severely damaged.
The wyvern skeleton completely misses you.
The phantasmal warrior misses you.
You riposte.
You hit the phantasmal warrior but do no damage.
You bite the phantasmal warrior, but do no damage.
The wyvern skeleton completely misses you.
You riposte.
You barely miss the wyvern skeleton.
The wyvern skeleton is severely damaged.
You barely miss the wyvern skeleton. You bite the wyvern skeleton.
The wyvern skeleton is almost destroyed.
The wyvern skeleton bites you! The phantasmal warrior hits you.
Casting: Passwall
Confirm with . or Enter, or press ? or * to list all spells.
Aiming: Lee's Rapid Deconstruction
Press: ? - help, Dir - move target cursor You cannot affect that.
Okay, then.
You slice the phantasmal warrior!! You freeze the phantasmal warrior.
The phantasmal warrior is heavily damaged.
The death knight shouts!
The wyvern skeleton barely misses you.
You riposte.
You slice the wyvern skeleton!!
You destroy the wyvern skeleton!
Cheibriados thoroughly appreciates the change of pace.
The phantasmal warrior hits you!
* * * LOW HITPOINT WARNING * * *
The death knight offers itself to Yredelemnul, and fills with unholy energy.
You hit the phantasmal warrior.
The phantasmal warrior is heavily damaged.
The phantasmal warrior completely misses you.
The phantasmal warrior blinks!
The phantasmal warrior hits you.
* * * LOW HITPOINT WARNING * * *
You can feel time thicken for a moment.
You feel somewhat more hungry.
The death knight reflects your damage back at you!
* * * LOW HITPOINT WARNING * * *
You block the phantasmal warrior's attack.
You can feel time thicken for a moment.
You destroy the phantasmal warrior!
Cheibriados thoroughly appreciates the change of pace.
You feel somewhat more hungry.
The death knight reflects your damage back at you!
* * * LOW HITPOINT WARNING * * *
The phantasmal warrior hits you!!
You die...

###
#...######
#?.......##
#.....@...#
##.....W..#
##.......#
#.....$>#
#....[..p#
#...##....W
.....
......
....>.
......#
......
...####


You could see a death knight, a phantasmal warrior and a freezing wraith.

Vanquished Creatures
  A sphinx (D:12)
  A war gargoyle (D:10)
  A centaur warrior (D:10)
  5 two-headed ogres
  6 orc high priests (Orc:2)
  The ghost of Torax the Stinger, a novice HuVM of Vehumet (D:9)
  The ghost of tidbits the Caller, a novice GnSu of Cheibriados (D:8)
  Pikel (D:5)
  A wizard (D:10)
  2 phantasmal warriors
  A deep elf mage (D:13)
  5 orc knights
  A wolf spider (D:12)
  An ugly thing (D:11)
  7 orc sorcerers
  6 cyclopes
  Maurice (D:9)
  Joseph (D:9)
  An orange demon (Orc:2)
  2 gargoyles
  4 centaur skeletons
  A hellwing (Orc:2)
  A red devil (Orc:2)
  8 trolls
  2 slime creatures (D:10)
  2 hippogriffs
  A water elemental (D:12)
  3 wyverns
  A wraith (D:10)
  Sigmund (D:6)
  Eustachio (D:6)
  A steam dragon (D:11)
  10 yaks
  A chaos spawn (Orc:2)
  Menkaure (D:5)
  3 wargs
  An acid dragon (D:12)
  Edmund (D:6)
  A water moccasin (D:10)
  Duvessa (D:5)
  3 ice beasts
  A black bear (D:10)
  A slave (D:4)
  2 phantoms
  38 orc warriors
  A hornet zombie (D:9)
  9 ogres
  A necrophage (D:9)
  9 centaurs
  A crocodile (D:10)
  A big kobold (D:9)
  6 bullfrogs
  A wyvern zombie (D:10)
  2 gnoll sergeants
  A water moccasin zombie (D:11)
  6 scorpions
  3 wyvern skeletons
  Dowan (D:5)
  3 killer bees (D:8)
  4 electric eels (D:12)
  5 howler monkeys
  10 wights (D:10)
  A bullfrog zombie (D:13)
  2 centaur zombies (D:12)
  5 crimson imps
  6 jellies
  Crazy Yiuf (D:2)
  21 orc priests
  7 hounds
  23 orc wizards
  Ijyb (D:5)
  2 bullfrog skeletons
  Jessica (D:2)
  2 iguanas
  6 worker ants
  2 killer bee zombies (D:7)
  A hound zombie (D:11)
  2 hound skeletons
  A howler monkey skeleton (D:9)
  A worker ant zombie (D:11)
  15 gnolls
  8 adders
  4 shadow imps
  2 oozes (D:7)
  2 worms (D:3)
  2 leopard geckos
  79 orcs
  2 ball pythons (D:1)
  3 giant cockroaches
  10 goblins
  3 hobgoblins
  5 jackals
  5 quokkas
  3 bats
  A frilled lizard (D:1)
  9 kobolds
  A leopard gecko skeleton (D:6)
  A quokka zombie (D:8)
  5 rats
445 creatures vanquished.

Notes
Turn   | Place    | Note
-------+----------+-------------------------------------------
     0 | D:1      | tidbits the Gnoll Earth Elementalist began the quest for the Orb.
     0 | D:1      | Reached XP level 1. HP: 13/13 MP: 6/6
     3 | D:1      | Noticed an electric eel
     3 | D:1      | Noticed an electric eel
    63 | D:1      | Reached skill level 2 in Transmutations
   103 | D:1      | Reached XP level 2. HP: 19/19 MP: 4/7
   112 | D:1      | Learned a level 2 spell: Passwall
   333 | D:2      | Reached skill level 5 in Spellcasting
   333 | D:2      | Reached XP level 3. HP: 25/25 MP: 5/9
   335 | D:2      | Reached skill level 1 in Invocations
   351 | D:2      | Reached skill level 1 in Fighting
   351 | D:2      | Reached skill level 1 in Short Blades
   351 | D:2      | Reached skill level 1 in Long Blades
   351 | D:2      | Reached skill level 1 in Axes
   351 | D:2      | Reached skill level 1 in Maces & Flails
   351 | D:2      | Reached skill level 1 in Polearms
   351 | D:2      | Reached skill level 1 in Staves
   351 | D:2      | Reached skill level 1 in Slings
   351 | D:2      | Reached skill level 1 in Bows
   351 | D:2      | Reached skill level 1 in Crossbows
   351 | D:2      | Reached skill level 1 in Throwing
   351 | D:2      | Reached skill level 1 in Armour
   351 | D:2      | Reached skill level 1 in Shields
   351 | D:2      | Reached skill level 1 in Unarmed Combat
   351 | D:2      | Reached skill level 1 in Evocations
   372 | D:2      | Reached XP level 4. HP: 23/32 MP: 0/11
   499 | D:2      | Found a runed door.
   503 | D:2      | Noticed Crazy Yiuf
   507 | D:2      | Killed Crazy Yiuf
   507 | D:2      | Reached skill level 1 in Conjurations
   507 | D:2      | Reached skill level 1 in Hexes
   507 | D:2      | Reached skill level 1 in Charms
   507 | D:2      | Reached skill level 1 in Summonings
   507 | D:2      | Reached skill level 1 in Necromancy
   507 | D:2      | Reached skill level 1 in Translocations
   507 | D:2      | Reached skill level 1 in Fire Magic
   507 | D:2      | Reached skill level 1 in Ice Magic
   507 | D:2      | Reached skill level 1 in Air Magic
   507 | D:2      | Reached skill level 1 in Poison Magic
   612 | D:2      | Found a snail-covered altar of Cheibriados.
   612 | D:2      | Found a hide-covered altar of Uskayaw.
   613 | D:2      | Found a hazy altar of Hepliaklqana.
   618 | D:2      | Became a worshipper of Cheibriados the Contemplative
   633 | D:2      | Reached XP level 5. HP: 36/37 MP: 12/12
   644 | D:2      | Learned a level 4 spell: Petrify
   717 | D:2      | Noticed Jessica
   725 | D:2      | Killed Jessica
   744 | D:2      | Learned a level 5 spell: Lee's Rapid Deconstruction
   976 | D:5      | Entered Level 5 of the Dungeon
  1005 | D:5      | Noticed a slave
  1005 | D:5      | Noticed a slave
  1007 | D:5      | Noticed Pikel
  1007 | D:5      | Noticed a slave
  1008 | D:5      | Noticed a slave
  1026 | D:4      | Killed a slave
  1042 | D:5      | Noticed Duvessa
  1042 | D:5      | Noticed Dowan
  1048 | D:5      | Killed Dowan
  1048 | D:5      | Reached skill level 2 in Invocations
  1048 | D:5      | Reached XP level 6. HP: 33/44 MP: 13/13
  1051 | D:5      | Killed Duvessa
  1051 | D:5      | Reached skill level 2 in Fighting
  1051 | D:5      | Reached skill level 2 in Short Blades
  1051 | D:5      | Reached skill level 2 in Long Blades
  1051 | D:5      | Reached skill level 2 in Axes
  1051 | D:5      | Reached skill level 2 in Maces & Flails
  1051 | D:5      | Reached skill level 2 in Polearms
  1051 | D:5      | Reached skill level 2 in Staves
  1051 | D:5      | Reached skill level 2 in Slings
  1051 | D:5      | Reached skill level 2 in Bows
  1051 | D:5      | Reached skill level 2 in Crossbows
  1051 | D:5      | Reached skill level 2 in Throwing
  1051 | D:5      | Reached skill level 2 in Armour
  1051 | D:5      | Reached skill level 5 in Dodging
  1051 | D:5      | Reached skill level 2 in Shields
  1051 | D:5      | Reached skill level 2 in Unarmed Combat
  1051 | D:5      | Reached skill level 2 in Evocations
  1063 | D:5      | Killed Pikel
  1063 | D:5      | Reached skill level 5 in Stealth
  1063 | D:5      | Reached skill level 2 in Conjurations
  1063 | D:5      | Reached skill level 2 in Hexes
  1063 | D:5      | Reached skill level 2 in Charms
  1063 | D:5      | Reached skill level 2 in Summonings
  1063 | D:5      | Reached skill level 2 in Necromancy
  1063 | D:5      | Reached skill level 2 in Translocations
  1063 | D:5      | Reached skill level 3 in Transmutations
  1063 | D:5      | Reached skill level 2 in Fire Magic
  1063 | D:5      | Reached skill level 2 in Ice Magic
  1063 | D:5      | Reached skill level 2 in Air Magic
  1063 | D:5      | Reached skill level 6 in Earth Magic
  1063 | D:5      | Reached skill level 2 in Poison Magic
  1063 | D:5      | Reached skill level 3 in Invocations
  1063 | D:5      | Reached XP level 7. HP: 36/51 MP: 8/15
  1063 | D:5      | Reached XP level 8. HP: 41/57 MP: 8/16
  1088 | D:5      | Found a staircase to the Ecumenical Temple.
  1095 | D:5      | Noticed Ijyb
  1119 | D:5      | Killed Ijyb
  1203 | D:5      | Noticed Menkaure
  1206 | D:5      | Reached skill level 3 in Fighting
  1206 | D:5      | Reached skill level 3 in Short Blades
  1206 | D:5      | Reached skill level 3 in Long Blades
  1206 | D:5      | Reached skill level 3 in Axes
  1206 | D:5      | Reached skill level 3 in Maces & Flails
  1206 | D:5      | Reached skill level 3 in Polearms
  1206 | D:5      | Reached skill level 3 in Staves
  1206 | D:5      | Reached skill level 3 in Slings
  1206 | D:5      | Reached skill level 3 in Bows
  1206 | D:5      | Reached skill level 3 in Crossbows
  1206 | D:5      | Reached skill level 3 in Throwing
  1206 | D:5      | Reached skill level 3 in Armour
  1206 | D:5      | Reached skill level 3 in Shields
  1206 | D:5      | Reached skill level 3 in Unarmed Combat
  1206 | D:5      | Reached skill level 3 in Evocations
  1208 | D:5      | Killed Menkaure
  1208 | D:5      | Reached skill level 6 in Spellcasting
  1358 | D:5      | Reached * piety under Cheibriados
  1393 | D:6      | Noticed Sigmund
  1432 | D:6      | Killed Sigmund
  1432 | D:6      | Reached skill level 3 in Conjurations
  1432 | D:6      | Reached skill level 3 in Hexes
  1432 | D:6      | Reached skill level 3 in Charms
  1432 | D:6      | Reached skill level 3 in Summonings
  1432 | D:6      | Reached skill level 3 in Necromancy
  1432 | D:6      | Reached skill level 3 in Translocations
  1432 | D:6      | Reached skill level 3 in Fire Magic
  1432 | D:6      | Reached skill level 3 in Ice Magic
  1432 | D:6      | Reached skill level 3 in Air Magic
  1432 | D:6      | Reached skill level 3 in Poison Magic
  1432 | D:6      | Reached skill level 4 in Invocations
  1437 | D:6      | Noticed Eustachio
  1450 | D:6      | Reached XP level 9. HP: 59/65 MP: 15/18
  1451 | D:6      | Reached skill level 6 in Dodging
  1471 | D:6      | Killed Eustachio
  1478 | D:6      | Found a sacrificial altar of Ru.
  1502 | D:6      | Noticed Edmund
  1515 | D:6      | Killed Edmund
  1515 | D:6      | Reached skill level 4 in Fighting
  1515 | D:6      | Reached skill level 4 in Short Blades
  1515 | D:6      | Reached skill level 4 in Long Blades
  1515 | D:6      | Reached skill level 4 in Axes
  1515 | D:6      | Reached skill level 4 in Maces & Flails
  1515 | D:6      | Reached skill level 4 in Polearms
  1515 | D:6      | Reached skill level 4 in Staves
  1515 | D:6      | Reached skill level 4 in Slings
  1515 | D:6      | Reached skill level 4 in Bows
  1515 | D:6      | Reached skill level 4 in Crossbows
  1515 | D:6      | Reached skill level 4 in Throwing
  1515 | D:6      | Reached skill level 4 in Armour
  1515 | D:6      | Reached skill level 4 in Shields
  1515 | D:6      | Reached skill level 4 in Unarmed Combat
  1515 | D:6      | Reached skill level 4 in Transmutations
  1515 | D:6      | Reached skill level 4 in Evocations
  1579 | D:7      | Found a stormy altar of Qazlal.
  1636 | D:7      | Reached skill level 6 in Stealth
  1668 | D:7      | Found Seran's Magic Scroll Boutique.
  1670 | D:7      | Reached ** piety under Cheibriados
  1671 | D:7      | Found a sacrificial altar of Ru.
  1714 | D:7      | Bought a scroll of blinking for 97 gold pieces
  1714 | D:7      | Bought a scroll of identify for 26 gold pieces
  1714 | D:7      | Bought a scroll of fear for 45 gold pieces
  1714 | D:7      | Bought a scroll of identify for 26 gold pieces
  1714 | D:7      | Bought a scroll of enchant armour for 97 gold pieces
  1714 | D:7      | Bought a scroll of amnesia for 45 gold pieces
  1714 | D:7      | Bought a scroll of teleportation for 39 gold pieces
  1714 | D:7      | Bought a scroll of teleportation for 39 gold pieces
  1716 | D:7      | Gained mutation: Your mind is acute. (Int +2) [potion of mutation]
  1716 | D:7      | Gained mutation: You evolve. [potion of mutation]
  1835 | D:8      | Reached skill level 5 in Invocations
  1854 | D:8      | Noticed tidbits's ghost (novice GnSu)
  1864 | D:8      | Killed tidbits's ghost
  1864 | D:8      | Reached skill level 7 in Spellcasting
  1864 | D:8      | Reached skill level 4 in Conjurations
  1864 | D:8      | Reached skill level 4 in Hexes
  1864 | D:8      | Reached skill level 4 in Charms
  1864 | D:8      | Reached skill level 4 in Summonings
  1864 | D:8      | Reached skill level 4 in Necromancy
  1864 | D:8      | Reached skill level 4 in Translocations
  1864 | D:8      | Reached skill level 4 in Fire Magic
  1864 | D:8      | Reached skill level 4 in Ice Magic
  1864 | D:8      | Reached skill level 4 in Air Magic
  1864 | D:8      | Reached skill level 4 in Poison Magic
  1864 | D:8      | Reached XP level 10. HP: 71/73 MP: 9/20
  1958 | D:9      | Reached skill level 5 in Fighting
  1958 | D:9      | Reached skill level 5 in Short Blades
  1958 | D:9      | Reached skill level 5 in Long Blades
  1958 | D:9      | Reached skill level 5 in Axes
  1958 | D:9      | Reached skill level 5 in Maces & Flails
  1958 | D:9      | Reached skill level 5 in Polearms
  1958 | D:9      | Reached skill level 5 in Staves
  1958 | D:9      | Reached skill level 5 in Slings
  1958 | D:9      | Reached skill level 5 in Bows
  1958 | D:9      | Reached skill level 5 in Crossbows
  1958 | D:9      | Reached skill level 5 in Throwing
  1958 | D:9      | Reached skill level 5 in Armour
  1958 | D:9      | Reached skill level 5 in Shields
  1958 | D:9      | Reached skill level 5 in Unarmed Combat
  1958 | D:9      | Reached skill level 5 in Evocations
  1964 | D:9      | Noticed Maurice
  1967 | D:9      | Killed Maurice
  1967 | D:9      | Reached skill level 7 in Earth Magic
  2005 | D:9      | Reached *** piety under Cheibriados
  2063 | D:10     | Entered Level 10 of the Dungeon
  2122 | D:10     | Reached skill level 7 in Dodging
  2145 | D:9      | Found a snail-covered altar of Cheibriados.
  2188 | D:9      | Noticed Joseph
  2194 | D:9      | Killed Joseph
  2222 | D:9      | Found a bloodstained altar of Trog.
  2248 | D:8      | Reached skill level 5 in Transmutations
  2315 | D:8      | Found an opulent altar of Gozag.
  2413 | D:10     | Reached skill level 6 in Invocations
  2435 | D:10     | Found a staircase to the Lair.
  2439 | D:10     | Noticed a two-headed ogre
  2448 | D:10     | Killed a two-headed ogre
  2448 | D:10     | Reached skill level 7 in Stealth
  2488 | D:10     | Noticed a gargoyle
  2491 | D:10     | Killed a gargoyle
  2491 | D:10     | Reached XP level 11. HP: 81/81 MP: 22/22
  2536 | D:12     | Noticed a cyclops
  2536 | D:12     | Killed a cyclops
  2583 | D:11     | Reached **** piety under Cheibriados
  2615 | D:11     | Noticed a six-headed hydra
  2627 | D:11     | Noticed a purple ugly thing
  2636 | D:11     | Killed a purple ugly thing
  2636 | D:11     | Reached skill level 6 in Fighting
  2636 | D:11     | Reached skill level 6 in Short Blades
  2636 | D:11     | Reached skill level 6 in Long Blades
  2636 | D:11     | Reached skill level 6 in Axes
  2636 | D:11     | Reached skill level 6 in Maces & Flails
  2636 | D:11     | Reached skill level 6 in Polearms
  2636 | D:11     | Reached skill level 6 in Staves
  2636 | D:11     | Reached skill level 6 in Slings
  2636 | D:11     | Reached skill level 6 in Bows
  2636 | D:11     | Reached skill level 6 in Crossbows
  2636 | D:11     | Reached skill level 6 in Throwing
  2636 | D:11     | Reached skill level 6 in Armour
  2636 | D:11     | Reached skill level 6 in Shields
  2636 | D:11     | Reached skill level 6 in Unarmed Combat
  2636 | D:11     | Reached skill level 6 in Evocations
  2663 | D:11     | Reached skill level 5 in Conjurations
  2663 | D:11     | Reached skill level 5 in Hexes
  2663 | D:11     | Reached skill level 5 in Charms
  2663 | D:11     | Reached skill level 5 in Summonings
  2663 | D:11     | Reached skill level 5 in Necromancy
  2663 | D:11     | Reached skill level 5 in Translocations
  2663 | D:11     | Reached skill level 5 in Fire Magic
  2663 | D:11     | Reached skill level 5 in Ice Magic
  2663 | D:11     | Reached skill level 5 in Air Magic
  2663 | D:11     | Reached skill level 5 in Poison Magic
  2815 | D:11     | Reached skill level 8 in Spellcasting
  2849 | D:10     | Noticed a two-headed ogre
  2857 | D:10     | Killed a two-headed ogre
  2912 | D:10     | Paralysed by a crimson imp for 2 turns
  2916 | D:10     | Paralysed by a crimson imp for 4 turns
  3066 | D:10     | Noticed a cyclops
  3071 | D:10     | Killed a cyclops
  3071 | D:10     | Reached skill level 7 in Invocations
  3082 | D:10     | Noticed a wizard
  3091 | D:10     | Noticed a war gargoyle
  3092 | D:10     | Reached skill level 8 in Dodging
  3093 | D:10     | Noticed a centaur warrior
  3107 | D:10     | Killed a wizard
  3108 | D:10     | Killed a war gargoyle
  3121 | D:10     | Reached skill level 6 in Transmutations
  3134 | D:10     | Killed a centaur warrior
  3134 | D:10     | Reached skill level 8 in Stealth
  3134 | D:10     | Reached XP level 12. HP: 88/89 MP: 6/24
  3204 | D:10     | Reached skill level 8 in Earth Magic
  3267 | D:9      | Noticed a two-headed ogre
  3269 | D:9      | Killed a two-headed ogre
  3313 | D:9      | Reached ***** piety under Cheibriados
  3316 | D:9      | Reached skill level 7 in Fighting
  3316 | D:9      | Reached skill level 7 in Short Blades
  3316 | D:9      | Reached skill level 7 in Long Blades
  3316 | D:9      | Reached skill level 7 in Axes
  3316 | D:9      | Reached skill level 7 in Maces & Flails
  3316 | D:9      | Reached skill level 7 in Polearms
  3316 | D:9      | Reached skill level 7 in Staves
  3316 | D:9      | Reached skill level 7 in Slings
  3316 | D:9      | Reached skill level 7 in Bows
  3316 | D:9      | Reached skill level 7 in Crossbows
  3316 | D:9      | Reached skill level 7 in Throwing
  3316 | D:9      | Reached skill level 7 in Armour
  3316 | D:9      | Reached skill level 7 in Shields
  3316 | D:9      | Reached skill level 7 in Unarmed Combat
  3316 | D:9      | Reached skill level 7 in Evocations
  3321 | D:9      | Noticed Torax's ghost (novice HuVM)
  3327 | D:9      | Killed Torax's ghost
  3434 | D:11     | Noticed a two-headed ogre
  3446 | D:11     | Killed a two-headed ogre
  3508 | D:12     | Noticed a two-headed ogre
  3548 | D:12     | Killed a two-headed ogre
  3548 | D:12     | Reached skill level 6 in Conjurations
  3548 | D:12     | Reached skill level 6 in Hexes
  3548 | D:12     | Reached skill level 6 in Charms
  3548 | D:12     | Reached skill level 6 in Summonings
  3548 | D:12     | Reached skill level 6 in Necromancy
  3548 | D:12     | Reached skill level 6 in Translocations
  3548 | D:12     | Reached skill level 6 in Fire Magic
  3548 | D:12     | Reached skill level 6 in Ice Magic
  3548 | D:12     | Reached skill level 6 in Air Magic
  3548 | D:12     | Reached skill level 6 in Poison Magic
  3572 | D:12     | Reached skill level 8 in Invocations
  3605 | D:12     | Reached skill level 9 in Spellcasting
  3685 | D:12     | Found a staircase to the Orcish Mines.
  3706 | Orc:1    | Entered Level 1 of the Orcish Mines
  3844 | Orc:2    | Entered Level 2 of the Orcish Mines
  3962 | Orc:2    | Paralysed by an orc sorcerer for 6 turns
  4024 | Orc:2    | Found a staircase to the Elven Halls.
  4068 | Orc:1    | Reached skill level 9 in Dodging
  4185 | Orc:2    | Reached XP level 13. HP: 89/98 MP: 15/26
  4430 | Orc:2    | Reached skill level 9 in Stealth
  4455 | Orc:2    | Reached skill level 7 in Transmutations
  4466 | Orc:2    | Found Ceowimas's Magic Scroll Emporium.
  4475 | Orc:2    | Reached ****** piety under Cheibriados
  4504 | Orc:2    | Found Zovuyhen's Food Shoppe.
  4533 | Orc:2    | Reached skill level 8 in Fighting
  4533 | Orc:2    | Reached skill level 8 in Short Blades
  4533 | Orc:2    | Reached skill level 8 in Long Blades
  4533 | Orc:2    | Reached skill level 8 in Axes
  4533 | Orc:2    | Reached skill level 8 in Maces & Flails
  4533 | Orc:2    | Reached skill level 8 in Polearms
  4533 | Orc:2    | Reached skill level 8 in Staves
  4533 | Orc:2    | Reached skill level 8 in Slings
  4533 | Orc:2    | Reached skill level 8 in Bows
  4533 | Orc:2    | Reached skill level 8 in Crossbows
  4533 | Orc:2    | Reached skill level 8 in Throwing
  4533 | Orc:2    | Reached skill level 8 in Armour
  4533 | Orc:2    | Reached skill level 8 in Shields
  4533 | Orc:2    | Reached skill level 8 in Unarmed Combat
  4533 | Orc:2    | Reached skill level 8 in Evocations
  4543 | Orc:2    | Bought a scroll of fog for 22 gold pieces
  4543 | Orc:2    | Bought a scroll of fog for 22 gold pieces
  4543 | Orc:2    | Bought a scroll of silence for 82 gold pieces
  4547 | Orc:2    | Bought a scroll of identify for 22 gold pieces
  4699 | Orc:2    | Reached skill level 9 in Invocations
  4757 | Orc:2    | Paralysed by an orc sorcerer for 2 turns
  4805 | Orc:2    | Reached skill level 7 in Conjurations
  4805 | Orc:2    | Reached skill level 7 in Hexes
  4805 | Orc:2    | Reached skill level 7 in Charms
  4805 | Orc:2    | Reached skill level 7 in Summonings
  4805 | Orc:2    | Reached skill level 7 in Necromancy
  4805 | Orc:2    | Reached skill level 7 in Translocations
  4805 | Orc:2    | Reached skill level 7 in Fire Magic
  4805 | Orc:2    | Reached skill level 7 in Ice Magic
  4805 | Orc:2    | Reached skill level 7 in Air Magic
  4805 | Orc:2    | Reached skill level 9 in Earth Magic
  4805 | Orc:2    | Reached skill level 7 in Poison Magic
  4807 | Orc:2    | Found Efaceam's Book Boutique.
  4807 | Orc:2    | Found Busheo's Antique Weapon Shop.
  4807 | Orc:2    | Found a one-way gate leading to the halls of Pandemonium.
  4813 | Orc:2    | Bought a book of Necromancy for 420 gold pieces
  4817 | Orc:2    | Learned a level 3 spell: Regeneration
  4823 | Orc:2    | Learned a level 5 spell: Borgnjor's Vile Clutch
  4828 | Orc:2    | Learned a level 4 spell: Animate Dead
  4898 | Orc:2    | Bought a scroll of teleportation for 33 gold pieces
  4898 | Orc:2    | Bought a scroll of teleportation for 33 gold pieces
  4898 | Orc:2    | Bought a scroll of enchant weapon for 82 gold pieces
  4898 | Orc:2    | Bought a scroll of enchant weapon for 82 gold pieces
  4898 | Orc:2    | Bought a scroll of teleportation for 33 gold pieces
  4898 | Orc:2    | Bought a scroll of enchant armour for 82 gold pieces
  4898 | Orc:2    | Bought a scroll of enchant weapon for 82 gold pieces
  5016 | D:13     | Gained mutation: You have a somewhat thin skeletal structure. (Dex +2, Stealth) [evolution]
  5167 | D:12     | Noticed a sphinx
  5179 | D:12     | Killed a sphinx
  5179 | D:12     | Reached skill level 10 in Spellcasting
  5244 | D:12     | Reached XP level 14. HP: 106/106 MP: 22/28
  5726 | D:14     | Mangled by a phantasmal warrior

Vault maps used:
D:1:      arrival_aquarium_b
D:2:      overflow_temple_1_default, gammafunk_temple_overflow_forgotten,
          first_ration, uniq_crazy_yiuf_cottage, uniq_jessica
D:4:      grunt_temple_overflow_forces_of_nature,
          yredelemnul_forgotten_temple_becter, lemuel_blue_sif_altar
D:5:      minmay_temple_entry_glass, uniq_blork_the_orc, uniq_pikel,
          uniq_duvessa, uniq_ijyb, uniq_menkaure
D:6:      nicolae_ru_sacrificial_ziggurat, uniq_edmund, uniq_eustachio,
          uniq_sigmund
D:7:      nicolae_overflow_crystal_walls, serial_shops, shop, basic_altar,
          grunt_ministairs_1, grunt_livestock, glass_columns_a,
          nicolae_qazlal_general_emergency
D:8:      kennysheep_okawaru_gauntlet, kennysheep_mini, serial_shops,
          nicolae_shop_behind_doors, grunt_ashenzari_visionary
D:9:      lemuel_zombie_altar_kikubaaqudgha, lightli_temple_of_fire,
          basic_altar, kennysheep_generic_room_11, uniq_joseph, uniq_maurice
D:10:     lair_entry_dummy, minmay_evil_grid
D:11:     grunt_potential
D:12:     minmay_klotski, erik_orc_2, st_stairs_12
D:14:     grunt_vaults_entry_tiered, serial_park_tiny_1, uniq_louise
Orc:1:    bloody_makhleb
Orc:2:    pf_orc_diabolical

Skill      XL: |  1  2  3  4  5  6  7  8  9 10 11 12 13 |
---------------+----------------------------------------+-----
Transmutations | 2 3 4 5 6 7 |  7.7
Spellcasting   | 5 6 7 8 9 10 | 10.1
Invocations    | 1 2 3 4 5 6 7 8 9 |  9.6
Fighting       | 1 2 3 4 5 6 7 8 |  8.8
Short Blades   | 1 2 3 4 5 6 7 8 |  8.8
Long Blades    | 1 2 3 4 5 6 7 8 |  8.8
Axes           | 1 2 3 4 5 6 7 8 |  8.8
Maces & Flails | 1 2 3 4 5 6 7 8 |  8.8
Polearms       | 1 2 3 4 5 6 7 8 |  8.8
Staves         | 1 2 3 4 5 6 7 8 |  8.8
Slings         | 1 2 3 4 5 6 7 8 |  8.8
Bows           | 1 2 3 4 5 6 7 8 |  8.8
Crossbows      | 1 2 3 4 5 6 7 8 |  8.8
Throwing       | 1 2 3 4 5 6 7 8 |  8.8
Armour         | 1 2 3 4 5 6 7 8 |  8.8
Shields        | 1 2 3 4 5 6 7 8 |  8.8
Unarmed Combat | 1 2 3 4 5 6 7 8 |  8.8
Evocations     | 1 2 3 4 5 6 7 8 |  8.8
Conjurations   | 1 2 3 4 5 6 7 |  7.3
Hexes          | 1 2 3 4 5 6 7 |  7.3
Charms         | 1 2 3 4 5 6 7 |  7.3
Summonings     | 1 2 3 4 5 6 7 |  7.3
Necromancy     | 1 2 3 4 5 6 7 |  7.3
Translocations | 1 2 3 4 5 6 7 |  7.3
Fire Magic     | 1 2 3 4 5 6 7 |  7.3
Ice Magic      | 1 2 3 4 5 6 7 |  7.3
Air Magic      | 1 2 3 4 5 6 7 |  7.3
Poison Magic   | 1 2 3 4 5 6 7 |  7.3
Dodging        | 5 6 7 8 9 |  9.9
Stealth        | 5 6 7 8 9 |  9.8
Earth Magic    | 6 7 8 9 |  9.2

Action                   |  1- 3 |  4- 6 |  7- 9 | 10-12 | 13-15 || total
-------------------------+-------+-------+-------+-------+-------++-------
Melee: Dagger            |     9 |     6 |    25 |   101 |    21 ||   162
       Scimitar          |     1 |    37 |    18 |     5 |       ||    61
       Bite              |       |     4 |     7 |    29 |    36 ||    76
       Punch             |       |     1 |       |     3 |     1 ||     5
       Dire flail        |       |       |     8 |       |     3 ||    11
       Great sword       |       |       |       |    85 |   140 ||   225
Throw: Tomahawk          |       |       |       |     2 |       ||     2
       Javelin           |       |       |       |     2 |    17 ||    19
       Stone             |       |       |       |     1 |       ||     1
       Throwing net      |       |       |       |       |     1 ||     1
 Cast: Sandblast         |    36 |    26 |    32 |    57 |    23 ||   174
       Passwall          |       |    10 |    10 |    32 |    37 ||    89
       Petrify           |       |     3 |     6 |    35 |    16 ||    60
       Lee's Rapid Decon |       |       |     5 |    38 |    25 ||    68
       Borgnjor's Vile C |       |       |       |       |     2 ||     2
Invok: Bend Time         |       |       |       |     4 |       ||     4
       Slouch            |       |       |       |     4 |     3 ||     7
 Abil: Evoke Invisibilit |       |       |       |     3 |       ||     3
Evoke: Wand              |       |     3 |    21 |    21 |     6 ||    51
  Use: Scroll            |       |     3 |     3 |    16 |     3 ||    25
       Potion            |       |       |     1 |     3 |       ||     4
 Stab: Sleeping          |       |     3 |    10 |    29 |     6 ||    48
       Paralysed         |       |     5 |     9 |    12 |       ||    26
       Petrified         |       |       |     5 |    27 |    16 ||    48
       Petrifying        |       |       |     1 |     2 |     3 ||     6
       Invisible         |       |       |       |     7 |       ||     7
       Held in net/web   |       |       |       |       |     1 ||     1
  Eat: Chunk             |       |     1 |     3 |    12 |     4 ||    20
Armor: Robe              |     3 |     6 |    10 |    11 |       ||    30
       Troll leather arm |       |       |       |    28 |    42 ||    70
Dodge: Dodged            |    17 |    43 |    50 |   146 |   196 ||   452
Block: Other             |     3 |     9 |    16 |    28 |    40 ||    96
       Reflection        |     1 |       |     2 |     5 |     2 ||    10
       Rpst.: Scimitar   |     1 |    12 |     6 |     1 |       ||    20
       Great sword       |       |       |       |    28 |    44 ||    72

Table legend:
 A = Spawn XP
 B = Non-spawn XP
 C = Spawn XP percentage of total XP
 D = Spawn monster count
 E = Non-spawn monster count
 F = Spawn count percentage of total count
 G = Total turns spent on level
                    A         B        C        D         E        F      G
               +---------+---------+-------+---------+---------+-------+---------
         Total |       0 |   58988 |   0.0 |       0 |     444 |   0.0 |  5726
               +---------+---------+-------+---------+---------+-------+---------
           D:1 |       0 |      26 |   0.0 |       0 |      17 |   0.0 |   220
           D:2 |       0 |     155 |   0.0 |       0 |      17 |   0.0 |   409
           D:3 |       0 |      60 |   0.0 |       0 |      13 |   0.0 |   278
           D:5 |       0 |    1411 |   0.0 |       0 |      13 |   0.0 |   292
           D:6 |       0 |    1421 |   0.0 |       0 |      20 |   0.0 |   306
           D:7 |       0 |     711 |   0.0 |       0 |      18 |   0.0 |   182
           D:8 |       0 |    1630 |   0.0 |       0 |      17 |   0.0 |   259
           D:9 |       0 |    4706 |   0.0 |       0 |      40 |   0.0 |   457
          D:10 |       0 |   10131 |   0.0 |       0 |      45 |   0.0 |   555
          D:11 |       0 |    3194 |   0.0 |       0 |      29 |   0.0 |   394
          D:12 |       0 |   10921 |   0.0 |       0 |      57 |   0.0 |   629
          D:13 |       0 |    3436 |   0.0 |       0 |      24 |   0.0 |   400
          D:14 |       0 |     734 |   0.0 |       0 |       5 |   0.0 |    22
         Orc:1 |       0 |    2724 |   0.0 |       0 |      23 |   0.0 |   243
         Orc:2 |       0 |   17728 |   0.0 |       0 |     106 |   0.0 |   985
               +---------+---------+-------+---------+---------+-------+---------

Table legend:
 A = Turns spent in this place as a percentage of turns spent in the entire game.
 B = Non-inter-level travel turns spent in this place as a percentage of non-inter-level travel turns spent in the entire game.
 C = Inter-level travel turns spent in this place as a percentage of turns spent in this place.
 D = Turns resting spent in this place as a percentage of non-inter-level travel turns spent in this place.
 E = Turns spent auto-exploring this place as a percentage of non-inter-level travel turns spent in this place.
 F = Non-inter-level travel turns spent in this place divided by the number of levels of this place that you've seen.
                   A       B       C       D       E      F
               +-------+-------+-------+-------+-------+----------------------
         Total | 100.0 | 100.0 |   1.8 |   0.1 |   0.0 | 351.4
       Dungeon |  78.6 |  78.9 |   1.3 |   0.1 |   0.0 | 317.0
  Orcish Mines |  21.4 |  21.1 |   3.6 |   0.0 |   0.0 | 592.0
               +-------+-------+-------+-------+-------+----------------------

Table legend:
 A = Kills in this place as a percentage of kills in entire the game.
 B = Kills by you in this place as a percentage of kills by you in the entire game.
 C = Kills by friends in this place as a percentage of kills by friends in the entire game.
 D = Other kills in this place as a percentage of other kills in the entire game.
 E = Experience gained in this place as a percentage of experience gained in the entire game.
 F = Experience gained in this place divided by the number of levels of this place that you have seen.
                   A       B       C       D       E      F
               +-------+-------+-------+-------+-------+----------------------
         Total | 100.0 | 100.0 |   N/A |   N/A | 100.0 | 3686.8
       Dungeon |  70.9 |  70.9 |   N/A |   N/A |  65.3 | 2752.6
  Orcish Mines |  29.1 |  29.1 |   N/A |   N/A |  34.7 | 10226.0
               +-------+-------+-------+-------+-------+----------------------

Vault maps used:
D:1:      arrival_aquarium_b
D:2:      overflow_temple_1_default, gammafunk_temple_overflow_forgotten,
          first_ration, uniq_crazy_yiuf_cottage, uniq_jessica
D:4:      grunt_temple_overflow_forces_of_nature,
          yredelemnul_forgotten_temple_becter, lemuel_blue_sif_altar
D:5:      minmay_temple_entry_glass, uniq_blork_the_orc, uniq_pikel,
          uniq_duvessa, uniq_ijyb, uniq_menkaure
D:6:      nicolae_ru_sacrificial_ziggurat, uniq_edmund, uniq_eustachio,
          uniq_sigmund
D:7:      nicolae_overflow_crystal_walls, serial_shops, shop, basic_altar,
          grunt_ministairs_1, grunt_livestock, glass_columns_a,
          nicolae_qazlal_general_emergency
D:8:      kennysheep_okawaru_gauntlet, kennysheep_mini, serial_shops,
          nicolae_shop_behind_doors, grunt_ashenzari_visionary
D:9:      lemuel_zombie_altar_kikubaaqudgha, lightli_temple_of_fire,
          basic_altar, kennysheep_generic_room_11, uniq_joseph, uniq_maurice
D:10:     lair_entry_dummy, minmay_evil_grid
D:11:     grunt_potential
D:12:     minmay_klotski, erik_orc_2, st_stairs_12
D:14:     grunt_vaults_entry_tiered, serial_park_tiny_1, uniq_louise
Orc:1:    bloody_makhleb
Orc:2:    pf_orc_diabolical
